 Dungeon Crawl Stone Soup version 0.30-a0-241-g1121274140 (console) character file.

Game seed: 13225425011295873092

8505 jejorda2 the Carver (level 11, -8/89 HPs)
             Began as a Pale Draconian Berserker on Oct 10, 2022.
             Was an Elder of Trog.
             Mangled by Snorg (9 damage)
             ... on level 10 of the Dungeon.
             The game lasted 00:30:38 (9192 turns).

jejorda2 the Carver (Pale Draconian Berserker)      Turns: 9192, Time: 00:30:38

Health: -8/89      AC: 10    Str: 20    XL:     11   Next: 10%
Magic:  0/11       EV: 14    Int:  7    God:    Trog [****..]
Gold:   110        SH:  0    Dex: 15    Spells: 10/10 levels left

rFire   . . .      SeeInvis .    a - +1 demon blade (vamp)
rCold   . . .      Faith    .    (no shield)
rNeg    . . .      Spirit   +    (body armour unavailable)
rPois   +          Reflect  .    z - +1 hat
rElec   .          Harm     .    (no cloak)
rCorr   .          Rampage  .    n - +0 pair of gloves
Will    +....                    A - +0 pair of boots
Stlth   ++........               e - amulet of guardian spirit
HPRegen 0.34/turn                u - ring of willpower
MPRegen 0.12/turn                G - ring of poison resistance

@: short of breath
A: breathe steam, AC +7, unfitting armour, cold-blooded, steam resistance
a: Breathe Steam, Renounce Religion, Berserk, Trog's Hand, Brothers in Arms


You were on level 10 of the Dungeon.
You worshipped Trog.
Trog was greatly pleased with you.
You visited 1 branch of the dungeon, and saw 10 of its levels.
You also visited: Bailey.

You collected 494 gold pieces.
You spent 384 gold pieces at shops.

Inventory:

Hand Weapons
 a - a +1 vampiric demon blade (weapon)
 b - a +0 long sword of flaming
 r - the +4 quarterstaff of Juch {speed, rElec Will+ MP-9 Str+10}
   (You found it on level 6 of the Dungeon)

   Attacks with this weapon are significantly faster.
   Str:       It affects your strength (+10).
   rElec:     It insulates you from electricity.
   MP:        It affects your magic capacity (-9).
   Will:      It increases your willpower.
Missiles
 i - 74 stones
 l - 30 boomerangs (quivered)
 y - 47 poisoned darts
 H - 8 atropa-tipped darts
Armour
 n - a +0 pair of gloves (worn)
 z - a +1 hat (worn)
 A - a +0 pair of boots (worn)
Jewellery
 c - a ring of resist corrosion
 e - an amulet of guardian spirit (around neck)
 s - a ring of see invisible
 u - a ring of willpower (left hand)
 G - a ring of poison resistance (right hand)
Wands
 h - a wand of flame (29)
 t - a wand of quicksilver (4)
 v - a wand of roots (17)
 C - a wand of paralysis (7)
Scrolls
 g - 2 scrolls of silence
 j - a scroll of immolation
 o - 3 scrolls of teleportation
 w - a scroll of magic mapping
 D - a scroll of blinking
 F - 2 scrolls of enchant weapon
Potions
 d - 3 potions of curing
 f - 4 potions of heal wounds
 k - a potion of resistance
 m - 2 potions of might
 p - 3 potions of mutation
 q - 5 potions of lignification
 x - a potion of invisibility
 B - 2 potions of flight {unknown}
 I - a potion of brilliance {unknown}


   Skills:
 + Level 6.0 Fighting
 - Level 6.2(10.7) Short Blades
 - Level 13.4(14.0) Long Blades
 * Level 3.9 Throwing
 + Level 6.0 Dodging
 - Level 3.0 Stealth


You had 10 spell levels left.
You didn't know any spells.
Your spell library was empty.

Dungeon Overview and Level Annotations

Branches:
Dungeon (10/15)            Temple (0/1) D:4            Lair (0/5) D:9
 Bailey (visited)
    Orc: D:9-12

Altars:
Yredelemnul
The Shining One

Shops:
D:6 !   D:8 *:=((

Annotations:
D:5 3 runed translucent doors, wellesgreysong's ghost, novice DEFE
D:10 Snorg


Innate Abilities, Weirdness & Mutations

You can breathe blasts of scalding, opaque steam.
Your pale cyan-grey scales are hard. (AC +7)
You cannot fit into any form of body armour.
You are cold-blooded and may be slowed by cold attacks.
You are immune to the effects of steam.


Message History

You see here a yak corpse.
Snorg the Insatiable comes into view.
You're still recovering from your berserk rage.
Snorg goes berserk!
You closely miss Snorg. Snorg bites you. Snorg claws you but does no damage.
Snorg closely misses you.
You hit Snorg.
Snorg is lightly wounded.
Snorg bites you but does no damage. Snorg claws you but does no damage.
Snorg misses you.
You hit Snorg.
You feel better.
Snorg is lightly wounded.
Snorg closely misses you. Snorg claws you but does no damage.
Snorg barely misses you.
You closely miss Snorg.
Snorg is lightly wounded.
You're still recovering from your berserk rage.
You slash Snorg!
Your tail-slap misses Snorg.
Snorg is lightly wounded.
You recover from your berserk rage.
Snorg bites you! Snorg claws you! Snorg claws you but does no damage.
You completely miss Snorg.
Snorg is lightly wounded.
Snorg bites you!! Snorg claws you! Snorg claws you.
Aiming: Breathe Steam (1% risk of failure)
Press: ? - help, Shift-Dir - straight line, f - Snorg
Aim: Snorg (lightly wounded, berserk, 74% to hit)
You exhale a blast of scalding steam.
The ball of steam misses Snorg.
Snorg is engulfed in a cloud of scalding steam.
Snorg bites you!
* * * LOW HITPOINT WARNING * * *
Snorg claws you.
* * * LOW HITPOINT WARNING * * *
Snorg claws you!
* * * LOW HITPOINT WARNING * * *
Snorg is engulfed in a cloud of scalding steam.
Snorg bites you!
* * * LOW HITPOINT WARNING * * *
Snorg barely misses you. Snorg claws you!
You die...

#....Y... #Y..# #.#.#
####.# # ##....# #####
#. ###..#### #.~~8
##..###...##########..~~
..............†.........
#####.@##############.#
......>T# #.. #######§#
#.# #.# #.# #.# ##.# #.#
####..# #.# #.....# #.#
#.##..# ### #.##..#


You could see Snorg (berserk).

Vanquished Creatures
  Gastronok (D:8)
  An orc knight (Bailey)
  A deep elf pyromancer (D:9)
  Maggie (D:9)
  2 trolls
  A hornet (D:9)
  11 yaks
  4 water moccasins
  4 orc warriors
  An ice beast (D:6)
  A black bear (D:6)
  2 centaurs
  2 ogres (D:5)
  9 kobold brigands
  A bullfrog (D:8)
  2 gnoll sergeants
  3 scorpions
  3 wights (D:8)
  13 killer bees
  3 howler monkeys (D:9)
  3 hounds
  A jelly (D:5)
  6 orc priests
  7 orc wizards
  Ijyb (D:5)
  Natasha (thrice) (D:4)
  Robin (D:3)
  7 gnolls
  5 adders
  A shadow imp (D:7)
  An ufetubus (D:6)
  4 worms
  5 dart slugs
  39 orcs
  5 endoplasms
  5 giant cockroaches
  17 goblins
  19 hobgoblins
  2 jackals (D:4)
  31 kobolds
  4 quokkas
  6 ball pythons
  5 bats
  5 frilled lizards
  A rat (D:2)
250 creatures vanquished.

Vanquished Creatures (others)
  An orc wizard (D:3)
1 creature vanquished.

Grand Total: 251 creatures vanquished

Notes
Turn   | Place    | Note
-------+----------+-------------------------------------------
     0 | D:1      | jejorda2 the Draconian Berserker began the quest for the
                  | Orb.
     0 | D:1      | Reached XP level 1. HP: 19/19 MP: 1/1
    87 | D:1      | Reached XP level 2. HP: 20/26 MP: 0/2
   595 | D:2      | Reached XP level 3. HP: 33/33 MP: 3/3
   803 | D:2      | Reached ** piety under Trog
  1137 | D:2      | Found a faded altar of an unknown god.
  1227 | D:2      | Reached skill level 4 in Long Blades
  1649 | D:3      | Reached XP level 4. HP: 35/40 MP: 4/4
  1706 | D:3      | Noticed Robin
  1716 | D:3      | Killed Robin
  2179 | D:3      | Reached *** piety under Trog
  2180 | D:3      | Reached XP level 5. HP: 42/46 MP: 5/5
  2555 | D:4      | Noticed Natasha
  2567 | D:4      | Killed Natasha
  2568 | D:4      | Reached skill level 5 in Long Blades
  2726 | D:4      | Found a staircase to the Ecumenical Temple.
  2835 | D:4      | Noticed Natasha
  2846 | D:4      | Killed Natasha
  2847 | D:4      | Reached XP level 6. HP: 48/53 MP: 4/6
  2933 | D:4      | Noticed Natasha
  2948 | D:4      | Killed Natasha
  3077 | D:4      | Reached skill level 5 in Fighting
  3387 | D:4      | Reached skill level 6 in Long Blades
  3387 | D:4      | Your scales start taking on a pale cyan-grey colour.
  3387 | D:4      | Reached XP level 7. HP: 47/61 MP: 7/7
  3387 | D:4      | Gained mutation: You are immune to the effects of steam.
                  | [Pale Draconian growth]
  3458 | D:5      | Entered Level 5 of the Dungeon
  3742 | D:5      | Reached skill level 1 in Short Blades
  3927 | D:5      | Found a runed translucent gate.
  3927 | D:5      | Found a runed translucent gate.
  3927 | D:5      | Found a runed translucent gate.
  3928 | D:5      | Noticed wellesgreysong's ghost (novice DEFE)
  3967 | D:5      | Noticed Ijyb
  3997 | D:5      | Killed Ijyb
  4201 | D:5      | Found a glowing golden altar of the Shining One.
  4204 | D:5      | Noticed an angel
  4242 | D:5      | Reached skill level 7 in Long Blades
  4242 | D:5      | Reached XP level 8. HP: 70/70 MP: 8/8
  4343 | D:5      | Found a basalt altar of Yredelemnul.
  4455 | D:6      | Reached skill level 5 in Dodging
  4493 | D:6      | Found Inixosa's Distillery.
  4514 | D:6      | Bought a potion of mutation for 80 gold pieces
  4568 | D:6      | Identified the +4 quarterstaff of Juch {speed, rElec Will+
                  | MP-9 Str+10}
  5077 | D:7      | Reached skill level 1 in Stealth
  5104 | D:7      | Reached skill level 8 in Long Blades
  5108 | D:7      | Identified the +5 whip of Disintegration {vorpal, rPois
                  | rCorr Str+9 Int-4}
  5329 | D:7      | Reached **** piety under Trog
  5691 | D:7      | Noticed a troll
  5707 | D:7      | Killed a troll
  5708 | D:7      | Reached XP level 9. HP: 75/75 MP: 6/9
  6210 | D:8      | Found Ubuosait's Weapon Shop.
  6316 | D:8      | Found Cyxir's Jewellery Emporium.
  6334 | D:8      | Found Lyuly's Antique Weapon Shop.
  6357 | D:8      | Reached skill level 9 in Long Blades
  6730 | D:8      | Found Xucvof's Book Boutique.
  6828 | D:8      | Reached skill level 5 in Short Blades
  6847 | D:8      | Found Iticet's Assorted Antiques.
  6870 | D:8      | Bought a scroll labelled RIOFRO IRANIHI for 34 gold pieces
  6870 | D:8      | Bought a puce potion for 30 gold pieces
  6996 | D:8      | Noticed Gastronok
  7012 | D:8      | Killed Gastronok
  7013 | D:8      | Reached skill level 10 in Long Blades
  7013 | D:8      | Reached XP level 10. HP: 83/83 MP: 7/10
  7201 | D:9      | Acquired a +1 vampiric demon blade
  7277 | D:9      | Reached skill level 11 in Long Blades
  7341 | D:9      | Reached skill level 12 in Long Blades
  7427 | D:8      | Bought a ring of poison resistance for 240 gold pieces
  7493 | D:9      | Found a flagged portal.
  7502 | Bailey   | Entered a bailey
  7589 | Bailey   | Noticed an orc knight
  7612 | Bailey   | Killed an orc knight
  7613 | Bailey   | Reached skill level 1 in Throwing
  7784 | Bailey   | Found an iron altar of Okawaru.
  7790 | Bailey   | Identified the +7 battleaxe of Peace {holy, rElec rC+}
  8077 | D:9      | Noticed a deep elf pyromancer
  8109 | D:9      | Killed a deep elf pyromancer
  8110 | D:9      | Reached skill level 13 in Long Blades
  8519 | D:9      | Found a staircase to the Lair.
  8684 | D:9      | Noticed Maggie
  8701 | D:9      | Killed Maggie
  8702 | D:9      | Reached XP level 11. HP: 79/89 MP: 7/11
  9055 | D:10     | Entered Level 10 of the Dungeon
  9184 | D:10     | Noticed Snorg
  9192 | D:10     | HP: 1/89 [Snorg (10)]
  9192 | D:10     | Mangled by Snorg

Illustrated notes

Levels and vault maps discovered:
D:1:      lordsloth_arrival_two_stooges, layout_rooms
D:2:      layout_loops_corners, dreamdust_ecumenical_altar_grove
D:3:      layout_basic, uniq_robin
D:4:      cheibrodos_thug_alley, layout_cave_pools,
          minmay_temple_entry_junction, hangedman_decor_riveting,
          minmay_misc_feat_chi, uniq_natasha
D:5:      layout_basic, grunt_temple_overflow_holy_war,
          ebering_ghost_rock_garden, minmay_misc_feat_diagonals, uniq_ijyb
D:6:      layout_loops_ring, minmay_shop_grid_forest, kennysheep_generic_room_15
D:7:      layout_basic
D:8:      layout_loops_ring, serial_shops, nicolae_shop_bloodbath_and_beyond,
          shop, nicolae_shop_trees, nicolae_square_shop, shop_statue,
          uniq_gastronok
D:9:      layout_basic, lair_entry_dummy, enter_bailey_4, uniq_maggie
D:10:     layout_basic, orc_0_dummy, serial_shops, nicolae_diamond_shop,
          moated_statue, uniq_harold, uniq_snorg

Skill      XL: |  1  2  3  4  5  6  7  8  9 10 |
---------------+-------------------------------+-----
Dodging        | 3 4 5 6 |  6.0
Long Blades    | 4 5 6 7 8 10 13 | 13.4
Fighting       | 4 5 6 |  6.0
Short Blades   | 2 3 6 |  6.2
Stealth        | 2 3 |  3.0
Throwing       | 3 |  3.9

Action                   |  1- 3 |  4- 6 |  7- 9 | 10-12 || total
-------------------------+-------+-------+-------+-------++-------
Melee: Falchion          |   134 |   251 |       |       ||   385
       Tailslap          |    21 |    35 |    73 |    34 ||   163
       Punch             |       |     1 |     7 |       ||     8
       Dagger            |       |       |   350 |       ||   350
       Demon blade       |       |       |       |   188 ||   188
Throw: Stone             |       |     5 |     3 |     2 ||    10
       Dart              |       |       |     3 |       ||     3
       Boomerang         |       |       |       |    12 ||    12
Invok: Berserk           |     1 |     3 |     5 |     5 ||    14
       Trog's Hand       |       |     4 |     3 |     4 ||    11
 Abil: Breathe Steam     |       |       |    23 |    10 ||    33
  Use: Potion            |       |     1 |       |     1 ||     2
       Scroll            |       |       |    15 |     4 ||    19
 Stab: Sleeping          |       |       |     3 |       ||     3
Armor: Skin              |    27 |    90 |    73 |    34 ||   224
Dodge: Dodged            |    80 |   160 |   140 |    99 ||   479

Table legend: (Time is in decaauts)
 A = Elapsed time spent in this place.
 B = Non-inter-level travel time spent in this place.
 C = Inter-level travel time spent in this place.
 D = Time resting spent in this place.
 E = Time spent auto-exploring this place.
 F = Levels seen in this place.
 G = Mean time per level.
                   A        B        C        D        E       F      G
               +--------+--------+--------+--------+--------+-----+--------+
         Total |   9119 |   8662 |    457 |    770 |   5918 |  11 |  829.0 |
       Dungeon |   8788 |   8331 |    457 |    677 |   5907 |  10 |  878.8 |
        Bailey |    331 |    331 |      0 |     92 |     11 |   1 |  331.0 |
               +--------+--------+--------+--------+--------+-----+--------+

Top non-repeatable levels by time:
     D:9: 1498 daAuts
     D:7: 1158 daAuts
     D:3: 1070 daAuts
     D:4: 1014 daAuts
     D:2: 992 daAuts
     D:8: 951 daAuts
     D:5: 781 daAuts
     D:1: 597 daAuts
     D:6: 585 daAuts
  Bailey: 331 daAuts
    D:10: 137 daAuts
